 Dungeon Crawl Stone Soup version 0.29-a0-451-gfbfa42419e (webtiles) character file.

Game seed: 6327744878636037038

1 zishaf the Magician (level 1, 0/15 HPs)
             Began as a Human Wanderer on May 19, 2022.
             Slain by a quokka (3 damage)
             ... on level 1 of the Dungeon.
             The game lasted 00:01:09 (38 turns).

zishaf the Magician (Human Wanderer)                  Turns: 38, Time: 00:01:10

Health: 0/15       AC:  3    Str: 15    XL:     1   Next: 22%
Magic:  0/5        EV: 11    Int: 11    God:
Gold:   0          SH:  0    Dex: 10    Spells: 7/8 levels left

rFire   . . .      SeeInvis .   a - +0 hunting sling
rCold   . . .      Faith    .   (no shield)
rNeg    . . .      Spirit   .   f - +0 leather armour
rPois   .          Reflect  .   (no helmet)
rElec   .          Harm     .   (no cloak)
rCorr   .          Rampage  .   (no gloves)
Will    .....                   (no boots)
Stlth   +.........              (no amulet)
HPRegen 0.05/turn               (no ring)
MPRegen 0.09/turn               (no ring)

@: very slightly contaminated
A: no striking features
a: no special abilities


You were on level 1 of the Dungeon.
You visited 1 branch of the dungeon, and saw 1 of its levels.

Inventory:

Hand Weapons
 a - a +0 hunting sling (weapon)
 c - a +0 dagger
Missiles
 b - 7 boomerangs (quivered)
 e - 27 stones
Armour
 f - a +0 leather armour (worn)
Scrolls
 g - a scroll of identify {unknown}
Potions
 d - a potion of might


   Skills:
 + Level 1.0 Fighting
 + Level 1.0(1.2) Slings
 - Level 1.0(1.2) Throwing
 - Level 1.0 Dodging
 - Level 1.0 Stealth
 - Level 4.0 Spellcasting
 + Level 0.1 Earth Magic


You had 7 spell levels left.
You knew the following spells:

 Your Spells              Type           Power      Damage    Failure   Level
a - Sandblast             Erth           4%         2d4       28%         1

Your spell library contained the following spells:

 Spells                   Type           Power      Damage    Failure   Level
 Foxfire                  Conj/Fire      8%         2x1d4     28%         1
 Sting                    Tmut/Pois      8%         1d3       28%         1
 Passwall                 Tmut/Erth      1%         N/A       41%         2


Dungeon Overview and Level Annotations

Branches:
Dungeon (1/15)

Altars:


Message History

Confirm with . or Enter, or press ? or * to list all spells.
Aiming: Sandblast (safe; 28% risk of failure)
Press: ? - help, Shift-Dir - straight line, f/p - quokka
Aim: a quokka (69% to hit)
You miscast Sandblast.
Nothing appears to happen.
The endoplasm freezes you.
You are frozen.
The quokka closely misses you.
Unknown command.
Casting: Sandblast (safe; 28% risk of failure)
Confirm with . or Enter, or press ? or * to list all spells.
Aiming: Sandblast (safe; 28% risk of failure)
Press: ? - help, Shift-Dir - straight line, f/p - quokka
Aim: a quokka (69% to hit)
The blast of sand hits the quokka but does no damage.
e - 27 stones The quokka closely misses you.
The endoplasm hits you. The quokka bites you.
Unknown command.
Casting: Sandblast (safe; 28% risk of failure)
Confirm with . or Enter, or press ? or * to list all spells.
Aiming: Sandblast (safe; 28% risk of failure)
Press: ? - help, Shift-Dir - straight line, f/p - quokka
Aim: a quokka (69% to hit)
You miscast Sandblast.
Nothing appears to happen.
The endoplasm barely misses you. The quokka misses you.
Casting: Sandblast (safe; 28% risk of failure)
Confirm with . or Enter, or press ? or * to list all spells.
Aiming: Sandblast (safe; 28% risk of failure)
Press: ? - help, Shift-Dir - straight line, f/p - quokka
Aim: a quokka (69% to hit)
You miscast Sandblast.
Nothing appears to happen.
The endoplasm freezes you.
You are frozen.
* * * LOW HITPOINT WARNING * * *
The quokka bites you.
* * * LOW HITPOINT WARNING * * *
Casting: Sandblast (safe; 28% risk of failure)
Confirm with . or Enter, or press ? or * to list all spells.
Okay, then.
The quokka attacks as you move away! The quokka bites you.
You die...

♣♣##..##########
♣♣..#'##........#
♣♣♣...#..#......P.#
♣♣.....#..#.P...P..#
♣♣......#..#........#
♣.......#..#.P.P...8#
#♣.......#..#..P...P.#
#......r........P.P..#
##.....J@............#
..............).#######
.....................#
#######♣♣♣♣..[.......+
♣♣♣...###### ♣♣♣♣♣


You could see an endoplasm and a quokka.

Vanquished Creatures
  A goblin (D:1)
1 creature vanquished.

Notes
Turn   | Place    | Note
-------+----------+-------------------------------------------
     0 | D:1      | zishaf the Human Wanderer began the quest for the Orb.
     0 | D:1      | zishaf set off with the following items: a +0 hunting
                  | sling, 7 boomerangs, a +0 dagger, a potion of might, 28
                  | stones, a +0 leather armour; and the following spells
                  | available to memorise: Foxfire, Sandblast, Sting, Passwall
     0 | D:1      | Reached XP level 1. HP: 15/15 MP: 5/5
     2 | D:1      | Learned a level 1 spell: Sandblast
    38 | D:1      | Slain by a quokka

Illustrated notes

Levels and vault maps discovered:
D:1:      sevenhm_arrival_forest_fort_large_4, layout_loops_ring,
          shapermc_ecumenical_altar_venn, serial_rivers,
          chequers_serial_rivers_micro_b, chequers_serial_rivers_micro_a,
          chequers_serial_rivers_large_a, chequers_serial_rivers_small_3,
          chequers_serial_rivers_small_3

Action                   || total
-------------------------++-------
 Fire: Hunting sling     ||     4
 Cast: Sandblast         ||     1
Armor: Leather armour    ||     1
Dodge: Dodged            ||     5

Table legend: (Time is in decaauts)
 A = Elapsed time spent in this place.
 B = Non-inter-level travel time spent in this place.
 C = Inter-level travel time spent in this place.
 D = Time resting spent in this place.
 E = Time spent auto-exploring this place.
 F = Levels seen in this place.
 G = Mean time per level.
                   A        B        C        D        E       F      G
               +--------+--------+--------+--------+--------+-----+--------+
         Total |     39 |     39 |      0 |      0 |     21 |   1 |   39.0 |
       Dungeon |     39 |     39 |      0 |      0 |     21 |   1 |   39.0 |
               +--------+--------+--------+--------+--------+-----+--------+

Top non-repeatable levels by time:
     D:1: 39 daAuts
